 Dungeon Crawl Stone Soup version 0.29.0-15-g675c0067aa (webtiles) character file.

Game seed: 10976395188416239581

207 qw the Chopper (level 5, -4/32 HPs)
             Began as a Gargoyle Fighter on Sept 12, 2022.
             Killed by divine providence
             ... invoked by an orc priest
              (14 damage)
             ... on level 3 of the Dungeon.
             The game lasted 00:00:41 (1873 turns).

qw the Chopper (Gargoyle Fighter)                   Turns: 1873, Time: 00:00:41

Health: -4/32      AC: 10    Str: 22    XL:     5   Next: 85%
Magic:  5/5        EV:  9    Int:  8    God:
Gold:   125        SH:  4    Dex:  9    Spells: 4/4 levels left

rFire   . . .      SeeInvis .   Y - +0 war axe (elec)
rCold   . . .      Faith    .   c - +0 buckler
rNeg    + . .      Spirit   .   b - +0 scale mail
rPois   inf        Reflect  .   (no helmet)
rElec   +          Harm     .   (no cloak)
rCorr   .          Rampage  .   (no gloves)
Will    .....                   (no boots)
Stlth   ..........              (no amulet)
HPRegen 0.10/turn               (no ring)
MPRegen 0.09/turn               (no ring)

@: no status effects
A: sickness immunity, AC +4, negative energy resistance 1, electricity
resistance, torment resistance 1, petrification resistance
a: no special abilities


You were on level 3 of the Dungeon.
You visited 1 branch of the dungeon, and saw 3 of its levels.

You collected 125 gold pieces.


Innate Abilities, Weirdness & Mutations

You are immune to sickness and miasma.
Your stone body is resilient. (AC +4)
You are immune to poison.
You resist negative energy. (rN+)
You are resistant to electric shocks. (rElec)
You are resistant to unholy torment.
You are immune to petrification.


   Skills:
 + Level 3.4 Fighting
 - Level 5.1 Axes
 - Level 1.0 Throwing
 - Level 3.2 Armour
 - Level 3.2 Shields


You had 4 spell levels left.
You didn't know any spells.
Your spell library was empty.

Inventory:

Hand Weapons
 g - a +0 whip
 Y - a +0 war axe of electrocution (weapon)
Armour
 b - a +0 scale mail (worn)
 c - a +0 buckler (worn)
Jewellery
 e - a ring of fire
Scrolls
 a - a scroll of enchant armour
 f - a scroll of identify
Potions
 d - a potion of might
 i - a potion of heal wounds
 l - a potion of curing
 o - a potion of attraction

Dungeon Overview and Level Annotations

Branches:
Dungeon (3/15)

Altars:
Yredelemnul

Shops:
D:1 (


Message History

You kill the ball python!
You now have 125 gold pieces (gained 4).
An orc comes into view. It is wielding a +0 war axe.
The orc shouts!
An orc priest comes into view. It is wielding a +0 flail.
The orc priest shouts!
You slash the orc! Lightning courses through the orc!
You kill the orc!
You hear a shout!
An orc comes into view. It is wielding a +0 hand axe.
The orc priest invokes the aid of Beogh against you.
Beogh smites you!
An orc comes into view. It is wielding a +0 dagger.
An orc wizard comes into view. It is wielding a +0 dagger.
The orc shouts!
The orc priest drinks a potion.
The orc priest suddenly seems more resistant.
Items here: $ % ) ? [.
The orc wizard casts a spell.
The orc wizard flickers and vanishes!
Deactivating autopickup; reactivate with Ctrl-A.
You barely miss the orc. The orc hits you with a +0 hand axe.
You slash the orc priest!
The orc priest is severely wounded.
You barely miss the orc. You closely miss the orc. You barely miss something.
The orc hits you with a +0 hand axe. The orc hits you with a +0 dagger.
You hear some strange, mumbled words.
Something tries to affect you, but you resist.
The orc priest invokes the aid of Beogh against you.
Pain shoots through your body!
You hit the orc priest but do no damage.
The orc priest is severely wounded.
You closely miss something. You hit the orc. You slash the orc!
Lightning courses through the orc!!
You kill the orc!
The orc hits you but does no damage. Something hits you.
The orc priest mumbles some strange prayers to Beogh against you.
Beogh smites you!
You die...

..)....<.# #)#..###
.........#########.#.##
.....)................###..
####..######.......%.......
#... .............###..
...## ............# .....
##.....)..[### ####.##
####............. #.#
......o@....#..... #..
....#.{o)...###...
.#..........# ...
...#........# .
..............
...##........## ..#
#........# .. .........#


You could see an orc priest (resistant) and an orc.

Vanquished Creatures
  Sigmund (D:3)
  A worm (D:2)
  A dart slug (D:2)
  2 orcs (D:3)
  6 ball pythons
  5 endoplasms
  2 giant cockroaches
  4 goblins
  3 hobgoblins
  4 jackals (D:2)
  5 kobolds
  A quokka (D:1)
  5 bats (D:2)
  2 frilled lizards (D:2)
  9 rats
51 creatures vanquished.

Notes
Turn   | Place    | Note
-------+----------+-------------------------------------------
     0 | D:1      | qw the Gargoyle Fighter began the quest for the Orb.
     0 | D:1      | Reached XP level 1. HP: 14/14 MP: 1/1
     0 | D:1      | 0 ||| qw: Version: 0.1-a-119-g272c26d
     0 | D:1      | 0 ||| qw: Game counter: 11036
     0 | D:1      | 0 ||| qw: Always use a shield: true
     0 | D:1      | 0 ||| qw: God list: Okawaru
     0 | D:1      | 0 ||| qw: Allow faded altars: false
     0 | D:1      | 0 ||| qw: Do Orc after D:15 true
     0 | D:1      | 0 ||| qw: Do second Lair branch before Depths: true
     0 | D:1      | 0 ||| qw: Lair rune preference: random
     0 | D:1      | 0 ||| qw: Plans: Normal, Zot, God:TSO, Crypt, Tomb, Pan,
                  | Slime, Hells, Zig, Abyss, Orb
     0 | D:1      | 0 ||| PLANNING D:1-11
    55 | D:1      | Reached skill level 2 in Axes
   275 | D:1      | Found Vopliunu's Weapon Emporium.
   377 | D:1      | 377 ||| SHOPLISTING +0 mace (33 gold, have 6).
   377 | D:1      | 377 ||| SHOPLISTING +5 war axe of electrocution (392 gold,
                  | have 6).
   460 | D:1      | Reached XP level 2. HP: 19/19 MP: 2/2
   623 | D:1      | 623 ||| Stepping ~*~*~tactically~*~*~ (stealth).
   678 | D:1      | 678 ||| Stepping ~*~*~tactically~*~*~ (stealth).
   774 | D:1      | 774 ||| DROPPING amulet of faith.
   775 | D:1      | 775 ||| READING scroll labelled CIUDIKHL WOETA.
   776 | D:1      | 776 ||| READING 2 scrolls labelled WOWKAOD ZUDIOV.
   777 | D:1      | 777 ||| READING scroll labelled AQEPEEFULA.
   778 | D:1      | 778 ||| READING scroll labelled KAAPAS CIBLI.
   779 | D:1      | 779 ||| READING scroll labelled ACUGAA JIGOIPO.
   780 | D:1      | 780 ||| READING scroll labelled ENEARO HOSCHODGH.
   784 | D:1      | 784 ||| READING scroll labelled JYANGE EZIDEWA.
   785 | D:1      | 785 ||| DRINKING 2 white potions.
   806 | D:2      | 806 ||| STAIRDANCE
   859 | D:2      | 859 ||| STAIRDANCE
   975 | D:2      | Reached skill level 3 in Axes
   983 | D:2      | Reached XP level 3. HP: 18/23 MP: 3/3
  1074 | D:2      | 1074 ||| Stepping ~*~*~tactically~*~*~ (stealth).
  1126 | D:2      | 1126 ||| Stepping ~*~*~tactically~*~*~ (stealth).
  1131 | D:2      | 1131 ||| Stepping ~*~*~tactically~*~*~ (stealth).
  1134 | D:2      | 1134 ||| Stepping ~*~*~tactically~*~*~ (stealth).
  1295 | D:2      | Reached skill level 1 in Throwing
  1702 | D:2      | 1702 ||| DRINKING 2 fuming silvery potions.
  1703 | D:2      | 1703 ||| READING 2 scrolls of identify.
  1703 | D:2      | 1703 ||| IDENTIFYING purple potion
  1719 | D:3      | Noticed Sigmund
  1726 | D:3      | Killed Sigmund
  1727 | D:3      | Reached skill level 5 in Axes
  1727 | D:3      | Reached XP level 4. HP: 24/28 MP: 4/4
  1727 | D:3      | Reached XP level 5. HP: 28/32 MP: 5/5
  1727 | D:3      | 1727 ||| FLEEEEING.
  1728 | D:3      | 1728 ||| FLEEEEING.
  1762 | D:3      | Found a basalt altar of Yredelemnul.
  1790 | D:3      | 1790 ||| Stepping ~*~*~tactically~*~*~ (stealth).
  1811 | D:3      | 1811 ||| DROPPING +0 club.
  1873 | D:3      | Killed from afar by an orc priest

Levels and vault maps discovered:
D:1:      dpeg_arrival_shelter, layout_basic, serial_shops, shop_statue,
          feat_on_display
D:2:      kb_forest_paths, layout_basic
D:3:      layout_rooms, nicolae_overflow_crystal_walls,
          nicolae_overflow_hidden_temple, jmf_multi_god_temple, serial_shops,
          nicolae_shop_overgrown_old_shop, uniq_terence, uniq_sigmund

Skill      XL: |  1  2  3 |
---------------+----------+-----
Axes           | 2 3 5 |  5.1
Throwing       | 1 |  1.0
Fighting       | |  3.4
Armour         | |  3.2
Shields        | |  3.2

Action                   |  1- 3 |  4- 6 || total
-------------------------+-------+-------++-------
Melee: War axe           |    87 |    13 ||   100
Throw: Javelin           |    27 |       ||    27
  Use: Scroll            |     8 |       ||     8
       Potion            |     2 |       ||     2
Armor: Scale mail        |    47 |     5 ||    52
Dodge: Dodged            |    43 |    11 ||    54
Block: Buckler           |    14 |     3 ||    17

Table legend:
 A = Non-vault XP
 B = Vault XP
 C = Vault XP percentage of total XP
 D = Non-vault monster count
 E = Vault monster count
 F = Vault count percentage of total count
                 A         B        C        D         E       F
            +---------+---------+-------+---------+---------+-------
      Total |      77 |     223 |  74.3 |      44 |       7 |  13.7
            +---------+---------+-------+---------+---------+-------
        D:1 |      20 |       0 |   0.0 |      12 |       0 |   0.0
        D:2 |      43 |       9 |  17.3 |      25 |       6 |  19.4
        D:3 |      14 |     214 |  93.9 |       7 |       1 |  12.5
            +---------+---------+-------+---------+---------+-------
